 Dungeon Crawl Stone Soup version 0.31-a0-963-ga325b2283a (webtiles) character file.

Game seed: 11248868151940387130

187 Azuregosa the Sneak (level 5, -3/39 HPs)
             Began as an Octopode Delver on Oct 24, 2023.
             Killed by nerve-wracking pain
             ... invoked by an orc priest
              (8 damage)
             ... on level 4 of the Dungeon.
             The game lasted 00:12:07 (2768 turns).

Azuregosa the Sneak (Octopode Delver)               Turns: 2768, Time: 00:12:08

Health: -3/39      AC:  8    Str: 11    XL:     5   Next: 66%
Magic:  5/5        EV: 18    Int: 12    God:
Gold:   194        SH:  0    Dex: 16    Spells: 4/4 levels left

rFire   . . .        l - +0 short sword (protect)
rCold   . . .        (no shield)
rNeg    . . .        (helmet restricted)
rPois   .            r - amulet of faith
rElec   .            f - +5 ring of evasion
rCorr   .            (no ring)
SInv    .            (no ring)
Will    .....        (no ring)
Stlth   ++++         (no ring)
HPRegen 0.26/turn    (no ring)
MPRegen 0.09/turn    (no ring)
                     (no ring)

%: faith
@: under a protective aura
A: almost no armour, amphibious, 8 rings, camouflage 1, gelatinous body 1,
(nimble swimmer 1), tentacles
a: no special abilities


You were on level 4 of the Dungeon.
You visited 1 branch of the dungeon, and saw 5 of its levels.

You collected 194 gold pieces.

Inventory:

Hand Weapons
 l - a +0 short sword of protection (weapon)
 p - a +1 dagger of electrocution
 t - a +1 sling of electrocution
 w - a +4 whip
Missiles
 n - 57 stones
 o - 3 javelins
Magical Staves
 h - a staff of air
Jewellery
 f - a +5 ring of evasion (left tentacle)
 r - an amulet of faith (around mantle)
 u - a ring of ice
 x - a ring of see invisible
Talismans
 y - a beast talisman
Wands
 e - a wand of digging (3)
 q - a wand of flame (16)
Scrolls
 a - a scroll of fog
 c - a scroll of fear
 g - 3 scrolls of identify {unknown}
 k - 3 scrolls of teleportation {unknown}
 s - 2 scrolls of enchant armour {unknown}
Potions
 b - 2 potions of curing {unknown}
 d - a potion of haste
 i - 2 potions of might {unknown}
 j - 2 potions of attraction {unknown}
 m - a potion of heal wounds {unknown}
 v - a potion of mutation {unknown}


   Skills:
 + Level 5.1 Fighting
 + Level 3.1 Short Blades
 - Level 2.0 Dodging
 - Level 6.6 Stealth
 - Level 2.0 Unarmed Combat


You had 4 spell levels left.
You didn't know any spells.
Your spell library contained the following spells:

 Spells                   Type           Power      Damage    Failure   Level
 Cigotuvi's Dreadful Rot  Necr/Pois/Air  0%         N/A       45%         2
 Ignite Poison            Fire/Tmut/Pois 0%         N/A       69%         3
 Inner Flame              Hex/Fire       0%         N/A       69%         3
 Freezing Cloud           Conj/Ice/Air   0%         6-21      100%        5
 Yara's Violent Unravell  Hex/Tmut       0%         3d3       100%        5
 Enfeeble                 Hex            0%         N/A       100%        7


Dungeon Overview and Level Annotations

Branches:
Dungeon (5/15)
 Temple: D:4-7

Altars:


Innate Abilities, Weirdness & Mutations

You cannot wear most types of armour.
You are amphibious.
You can wear up to eight rings at the same time.
Your skin changes colour to match your surroundings (Stealth+).
Your rubbery body absorbs attacks. (AC +1, EV +1)
((You are camouflaged when in or above water. (Stealth+)))
You have tentacles for arms and can constrict up to eight enemies at once.


Message History

You constrict the orc.
The orc priest mumbles some strange prayers to Beogh against you.
Pain shoots through your body! The orc completely misses you.
You hit the orc but do no damage. You squeeze the orc.
You kill the orc!
The orc priest invokes the aid of Beogh against you.
You barely resist.
You hit the orc priest but do no damage.
Your grab misses the orc priest. The orc hits you with a +1 heavy flail.
The orc priest miscasts a cantrip.
You hit the orc priest but do no damage.
You grab the orc priest. You squeeze the orc priest.
The orc priest is lightly wounded.
You constrict the orc priest, but do no damage.
The orc priest invokes the aid of Beogh against you.
Beogh smites you!
You hit the orc priest. You squeeze the orc priest.
The orc priest is severely wounded.
You constrict the orc priest, but do no damage.
The orc completely misses you.
You hit the orc priest. You squeeze the orc priest.
The orc priest is almost dead.
You constrict the orc priest, but do no damage.
The orc priest invokes the aid of Beogh against you.
Beogh smites you!
* * * LOW HITPOINT WARNING * * *
You hit the orc priest.
You squeeze the orc priest, but do no damage.
The orc priest is almost dead.
You constrict the orc priest, but do no damage.
The orc priest hits you with a +0 hand axe.
* * * LOW HITPOINT WARNING * * *
The orc hits you with a +1 heavy flail.
* * * LOW HITPOINT WARNING * * *
You hit the orc priest but do no damage.
The orc priest is almost dead.
You constrict the orc priest, but do no damage.
The orc priest invokes the aid of Beogh against you.
Pain shoots through your body!
You die...

#.# # #.# .# ##
##.##.####
###..##.........
..........(.###$
.....##..####
##...##..####
#.......†)..#
##...#o@.##.#
##..#.o## #
##.#..# ...... #
#...## #.
###..$#
.##.o##.....# #
....o....<# .
#..##.##.# .#


You could see an orc priest and an orc.

Vanquished Creatures
  Terence (D:2)
  Natasha (D:3)
  Robin (D:2)
  2 adders (D:2)
  5 worms
  An orc (D:4)
  5 bats
  6 endoplasms
  3 giant cockroaches
  16 hobgoblins
  4 quokkas
  5 ball pythons
  3 frilled lizards
  19 goblins
  10 kobolds
  4 rats
86 creatures vanquished.

Notes
Turn   | Place    | Note
-------+----------+-------------------------------------------
     0 | D:5      | Azuregosa the Octopode Delver began the quest for the Orb.
     0 | D:5      | Reached XP level 1. HP: 16/16 MP: 1/1
   140 | D:4      | Noticed a hound
   140 | D:4      | Noticed a hound
   175 | D:4      | Noticed an orc priest
   242 | D:3      | Reached XP level 2. HP: 3/21 MP: 2/2
   582 | D:3      | Reached XP level 3. HP: 27/27 MP: 3/3
   586 | D:3      | Reached skill level 1 in Short Blades
   762 | D:2      | Noticed Robin
   905 | D:3      | Noticed Natasha
   918 | D:3      | Killed Natasha
   919 | D:3      | Reached XP level 4. HP: 22/33 MP: 4/4
  1325 | D:2      | Killed Robin
  1326 | D:2      | Reached XP level 5. HP: 38/38 MP: 5/5
  1331 | D:2      | Noticed Terence
  1349 | D:2      | Killed Terence
  1552 | D:1      | Found a faded altar of an unknown god.
  1704 | D:1      | Reached skill level 5 in Fighting
  2768 | D:4      | Killed from afar by an orc priest

Illustrated notes

Levels and vault maps discovered:
D:1:      dpeg_arrival_morbid_curiosity, layout_basic,
          chequers_ecumenical_altar_simple
D:2:      layout_rooms, uniq_robin, uniq_terence
D:3:      cheibrodos_greedy_goblins, layout_loops_cross, uniq_natasha
D:4:      layout_loops_ring, lemuel_round_altar, mainiacjoe_overflow_brackets,
          minmay_ruined_shrine
D:5:      kennysheep_kobold_camp, layout_basic, dilly_guarded_unrand_morg

Skill      XL: |  1  2  3  4  5 |
---------------+----------------+-----
Short Blades   | 1 2 3 |  3.1
Fighting       | 4 5 |  5.1
Dodging        | |  2.0
Stealth        | |  6.6
Unarmed Combat | |  2.0

Action                     |  1- 3 |  4- 6 || total
---------------------------+-------+-------++-------
  Melee: Staff             |    22 |       ||    22
         Tentacles         |    16 |    32 ||    48
         Constrict         |    18 |    31 ||    49
         Punch             |     4 |     5 ||     9
         Short sword       |    47 |   117 ||   164
  Evoke: Wand              |     2 |       ||     2
    Use: Scroll            |     1 |       ||     1
   Stab: Sleeping          |     4 |    16 ||    20
 Armour: Skin              |    23 |    29 ||    52
  Dodge: Dodged            |    50 |    49 ||    99

Table legend: (Time is in decaauts)
 A = Elapsed time spent in this place.
 B = Non-inter-level travel time spent in this place.
 C = Inter-level travel time spent in this place.
 D = Time resting spent in this place.
 E = Time spent auto-exploring this place.
 F = Levels seen in this place.
 G = Mean time per level.
                   A        B        C        D        E       F      G
               +--------+--------+--------+--------+--------+-----+--------+
         Total |   2756 |   2685 |     71 |    279 |   1463 |   5 |  551.2 |
       Dungeon |   2756 |   2685 |     71 |    279 |   1463 |   5 |  551.2 |
               +--------+--------+--------+--------+--------+-----+--------+

Top non-repeatable levels by time:
     D:1: 966 daAuts
     D:3: 897 daAuts
     D:2: 625 daAuts
     D:4: 217 daAuts
     D:5: 50 daAuts
